 Dungeon Crawl Stone Soup version 0.29.1-2-gbd0b4ee654 (webtiles) character file.

Game seed: 4434487032014101926

51 DildoBatman the Conjurer (level 4, -1/30 HPs)
             Began as a Formicid Conjurer on Nov 17, 2022.
             Slain by a gnoll
             ... wielding a +0 whip of electrocution
              (15 damage)
             ... on level 2 of the Dungeon.
             The game lasted 00:03:04 (1076 turns).

DildoBatman the Conjurer (Formicid Conjurer)        Turns: 1076, Time: 00:03:05

Health: -1/30      AC:  2    Str: 11    XL:     4   Next: 5%
Magic:  0/7        EV: 12    Int: 18    God:
Gold:   14         SH:  0    Dex: 14    Spells: 4/7 levels left

rFire   . . .      SeeInvis +   q - +1 whip (freeze)
rCold   . . .      Faith    .   (no shield)
rNeg    . . .      Spirit   .   i - +0 robe
rPois   .          Reflect  .   (helmet unavailable)
rElec   .          Harm     .   (no cloak)
rCorr   .          Rampage  .   (no gloves)
Will    .....                   (no boots)
Stlth   ++........              (no amulet)
HPRegen 0.10/turn               (no ring)
MPRegen 0.10/turn               (no ring)

@: no status effects
A: permanent stasis, dig shafts and tunnels, antennae 3, four strong arms
a: Dig, Shaft Self


You were on level 2 of the Dungeon.
You visited 1 branch of the dungeon, and saw 2 of its levels.

You collected 14 gold pieces.

Inventory:

Hand Weapons
 a - a +0 mace
 d - a +0 dagger
 p - a +0 spear
 q - a +1 whip of freezing (weapon)
Missiles
 c - 14 stones
Armour
 i - a +0 robe (worn)
Scrolls
 e - a scroll of acquirement {unknown}
 f - 2 scrolls of identify {unknown}
 g - a scroll of teleportation {unknown}
 n - a scroll of summoning {unknown}
 o - a scroll of silence {unknown}
Potions
 b - 2 potions of magic
 h - a potion of resistance {unknown}
 j - a potion of berserk rage {unknown}
 k - a potion of heal wounds {unknown}
 l - a potion of degeneration {unknown}
 m - a potion of attraction {unknown}


   Skills:
 - Level 1.7 Dodging
 - Level 2.4 Stealth
 - Level 2.1 Spellcasting
 * Level 4.9 Conjurations


You had 4 spell levels left.
You knew the following spells:

 Your Spells              Type           Power      Damage    Failure   Level
a - Searing Ray           Conj           38%        2d5       3%          2
c - Magic Dart            Conj           76%        1d6       2%          1

Your spell library contained the following spells:

 Spells                   Type           Power      Damage    Failure   Level
 Dazzling Flash           Conj/Hex       20%        N/A       19%         3
 Fulminant Prism          Conj/Hex       5%         3d7       54%         4
 Iskenderun's Mystic Bla  Conj/Tloc      10%        2d4       54%         4


Dungeon Overview and Level Annotations

Branches:
Dungeon (2/15)

Altars:
Xom

Shops:
D:1 :


Innate Abilities, Weirdness & Mutations

You cannot be hasted, slowed, berserked, paralysed or teleported.
You can dig through walls and to a lower floor.
You have a pair of large antennae on your head. (SInv)
Your four strong arms can wield two-handed weapons with a shield.


Message History

Confirm with . or Enter, or press ? or * to list all spells.
Aiming: Searing Ray (safe; 4% risk of failure)
Press: ? - help, Shift-Dir - straight line, f/p - gnoll
Aim: a gnoll, wielding a +1 whip of freezing (81% to hit)
The searing ray hits the gnoll.
The gnoll is moderately wounded. (Press . to maintain the ray.)
A gnoll comes into view.
It is wielding a +0 whip of electrocution.
The searing ray hits the gnoll!
The gnoll is almost dead.
The searing ray hits the gnoll.
You kill the gnoll!
The gnoll shouts!
You have reached level 4!
You feel clever.
You see here a +1 whip of freezing.
q - a +1 whip of freezing Your magical contamination has completely faded away.
The gnoll attacks as you move away!
The gnoll hits you with a +0 whip of electrocution.
The gnoll attacks as you move away! The gnoll closely misses you.
Casting: Searing Ray (safe; 3% risk of failure)
Confirm with . or Enter, or press ? or * to list all spells.
Aiming: Searing Ray (safe; 3% risk of failure)
Press: ? - help, Shift-Dir - straight line, f - gnoll
Aim: a gnoll, wielding a +0 whip of electrocution (81% to hit)
The searing ray misses the gnoll.
The searing ray hits the gnoll.
The gnoll is moderately wounded. (Press . to maintain the ray.)
The gnoll hits you with a +0 whip of electrocution.
Your +1 whip of freezing glows with a cold blue light!
q - a +1 whip of freezing (weapon)
You closely miss the gnoll. Your punch misses the gnoll.
The gnoll hits you with a +0 whip of electrocution!
You are electrocuted!
Ouch! That really hurt!
You die...

.# #.# #.# #.# #.# { #.#
###################.#######
#...........@gg............
#.#################.######
#.# ########.#..# #.#
............# #.#
########.....#### #.#
.........._.......
#.#############......#####
#####........................
....gg..................>####


You could see 2 gnolls.

Vanquished Creatures
  A gnoll (D:2)
  4 dart slugs
  2 bats (D:1)
  2 endoplasms (D:1)
  A giant cockroach (D:1)
  5 goblins (D:1)
  6 hobgoblins (D:1)
  2 kobolds (D:1)
  A ball python (D:1)
  A frilled lizard (D:1)
  6 rats (D:1)
31 creatures vanquished.

Notes
Turn   | Place    | Note
-------+----------+-------------------------------------------
     0 | D:1      | DildoBatman the Formicid Conjurer began the quest for the
                  | Orb.
     0 | D:1      | Reached XP level 1. HP: 13/13 MP: 3/3
   173 | D:1      | Found a faded altar of an unknown god.
   222 | D:1      | Reached XP level 2. HP: 8/19 MP: 3/5
   225 | D:1      | Learned a level 2 spell: Searing Ray
   238 | D:1      | Reached skill level 4 in Conjurations
   413 | D:1      | Reached XP level 3. HP: 17/24 MP: 0/6
   781 | D:1      | Found Koniv's Book Emporium.
   975 | D:2      | Found a shimmering altar of Xom.
  1058 | D:2      | Reached XP level 4. HP: 30/30 MP: 0/7
  1076 | D:2      | Slain by a gnoll

Illustrated notes

Levels and vault maps discovered:
D:1:      dpeg_arrival_tiny_k, layout_loops_ring,
          shapermc_ecumenical_altar_flowoftime, serial_shops, shop
D:2:      minmay_recursive_quarters, layout_basic, basic_altar, uniq_sigmund

Skill      XL: |  1  2 |
---------------+-------+-----
Conjurations   | 4 |  4.9
Dodging        | |  1.7
Stealth        | |  2.4
Spellcasting   | |  2.1

Action                   |  1- 3 |  4- 6 || total
-------------------------+-------+-------++-------
Melee: Dagger            |    18 |       ||    18
       Mace              |     6 |       ||     6
       Whip              |       |     1 ||     1
 Cast: Magic Dart        |    46 |       ||    46
       Searing Ray       |     7 |     1 ||     8
Armor: Robe              |     6 |       ||     6
Dodge: Dodged            |    13 |     1 ||    14
